 Dungeon Crawl Stone Soup version 0.24.1-4-ge52af88ad5 (console) character file.

Game seed: 7468659422003982795, levelgen mode: deterministic

176 Kloppie the Covered (level 5, 0/35 HPs)
             Began as a Halfling Fighter on Apr 13, 2020.
             Slain by an iguana (4 damage)
             ... on level 4 of the Dungeon.
             The game lasted 00:08:05 (2287 turns).

Kloppie the Covered (Halfling Fighter)              Turns: 2287, Time: 00:08:06

Health: 0/35       AC:  7    Str: 22    XL:     5   Next: 86%
Magic:  5/5        EV:  9    Int:  6    God:
Gold:   101        SH: 10    Dex: 15    Spells: 4/4 levels left

rFire    . . .     SeeInvis .   a - +0 rapier
rCold    . . .     Gourm    .   c - +0 shield
rNeg     . . .     Faith    .   b - +0 scale mail
rPois    .         Spirit   .   (no helmet)
rElec    .         Reflect  .   (no cloak)
rCorr    .         Harm     .   (no gloves)
MR       .....                  (no boots)
Stlth    ..........             (no amulet)
HPRegen  0.11/turn              (no ring)
MPRegen  0.09/turn              (no ring)

@: mighty
A: small, mutation resistance 1
a: no special abilities


You were on level 4 of the Dungeon.
You were hungry.

You visited 1 branch of the dungeon, and saw 4 of its levels.

You collected 101 gold pieces.

Inventory:

Hand Weapons
 a - a +0 rapier (weapon)
Armour
 b - a +0 scale mail (worn)
 c - a +0 shield (worn)
Jewellery
 u - an uncursed amulet of magic regeneration {unknown}
Wands
 s - a wand of paralysis (9)
Scrolls
 e - a scroll of amnesia {unknown}
 g - 4 scrolls of identify {unknown}
 h - 3 scrolls of teleportation {unknown}
 j - a scroll of immolation {unknown}
 l - 2 scrolls of remove curse {unknown}
 m - 2 scrolls of magic mapping {unknown}
 r - a scroll of fog {unknown}
 t - a scroll of fear {unknown}
Potions
 i - 2 potions of heal wounds {unknown}
 k - a potion of curing {unknown}
 n - a potion of cancellation {unknown}
 o - a potion of haste {unknown}
 p - a potion of flight {unknown}
 q - a potion of invisibility {unknown}
Comestibles
 f - 6 rations


   Skills:
 - Level 2.6 Fighting
 + Level 5.0 Short Blades
 + Level 5.2 Armour
 - Level 3.2 Shields


You had 4 spell levels left.
You didn't know any spells.
Your spell library was empty.

Dungeon Overview and Level Annotations

Branches:
Dungeon (3/15)

Altars:
Dithmenos


Innate Abilities, Weirdness & Mutations

You are small and have problems with some larger weapons.
You are somewhat resistant to further mutation.


Message History

You hit the iguana but do no damage. The iguana barely misses you.
You hit the iguana.
The iguana is lightly wounded.
You block the iguana's attack.
You hit the iguana.
The iguana is moderately wounded.
You block the iguana's attack.
You hit the iguana.
The iguana is heavily wounded.
The iguana bites you!
* * * LOW HITPOINT WARNING * * *
You hit the iguana.
The iguana is heavily wounded.
An orc wizard appears from thin air!
Reactivating autopickup.
The iguana barely misses you.
You closely miss the iguana.
The iguana is heavily wounded.
The iguana bites you.
You die...

### ## .. ##. .#
##... #.# # ......
##..## .####..
#...###....# ......#
#..##...####
#.....####......##..#
#......#........#..#
.$........#####...#
........# ##@#####
#.....# ##l...#
#..o.## #.o...#
##..o.# ##..o.##
##...## #l##..#
####l## ##[##.##
##.####.....#
##.##....###
##....### #....##
#.....##


You could see an iguana and 2 orcs.

Vanquished Creatures
  An orc priest (D:4)
  A worker ant zombie (D:4)
  6 adders
  A worm (D:3)
  4 dart slugs
  2 leopard geckos
  7 orcs
  A ball python (D:3)
  4 giant cockroaches
  6 hobgoblins
  8 bats
  A frilled lizard (D:3)
  7 goblins
  7 kobolds
  11 rats
67 creatures vanquished.

Notes
Turn   | Place    | Note
-------+----------+-------------------------------------------
     0 | D:1      | Kloppie the Halfling Fighter began the quest for the Orb.
     0 | D:1      | Reached XP level 1. HP: 15/15 MP: 1/1
     3 | D:1      | Noticed an electric eel
     3 | D:1      | Noticed an electric eel
   151 | D:1      | Reached XP level 2. HP: 16/20 MP: 2/2
   380 | D:1      | Reached XP level 3. HP: 25/25 MP: 3/3
  1028 | D:2      | Reached XP level 4. HP: 29/30 MP: 4/4
  1516 | D:3      | Reached XP level 5. HP: 35/35 MP: 5/5
  1534 | D:3      | Found a shadowy altar of Dithmenos.
  1787 | D:3      | Reached skill level 5 in Armour
  2014 | D:3      | You fall into a shaft and drop 1 floor!
  2229 | D:4      | Reached skill level 5 in Short Blades
  2287 | D:4      | Slain by an iguana

Levels and vault maps discovered:
D:1:      arrival_aquarium_b, layout_loops_cross
D:2:      layout_basic
D:3:      layout_basic, grunt_dithmenos_smoke_and_mirrors
D:4:      layout_layer_cave, kennysheep_little_box

Skill      XL: |  1  2  3  4  5 |
---------------+----------------+-----
Short Blades   | 3 4 5 |  5.0
Armour         | 4 5 |  5.2
Fighting       | |  2.6
Shields        | |  3.2

Action                   |  1- 3 |  4- 6 || total
-------------------------+-------+-------++-------
Melee: Rapier            |   110 |   152 ||   262
Evoke: Wand              |       |     1 ||     1
  Use: Potion            |       |     1 ||     1
 Stab: Paralysed         |       |     1 ||     1
  Eat: Chunk             |       |     4 ||     4
Armor: Scale mail        |    45 |    43 ||    88
Dodge: Dodged            |    34 |    41 ||    75
Block: Shield            |    56 |    69 ||   125
